 Dungeon Crawl Stone Soup version 0.26-a0-1060-g086102a3f0 (webtiles) character file.

Game seed: 18040963462077540969

44 sahdkjhfkaj the Chopper (level 3, 0/33 HPs)
             Began as a Hill Orc Monk on Dec 13, 2020.
             Slain by Natasha (4 damage)
             ... on level 2 of the Dungeon.
             The game lasted 00:01:23 (1046 turns).

sahdkjhfkaj the Chopper (Hill Orc Monk)             Turns: 1046, Time: 00:01:24

Health: 0/33       AC:  8    Str: 14    XL:     3   Next: 62%
Magic:  3/3        EV:  7    Int: 10    God:
Gold:   13         SH:  0    Dex: 13    Spells: 2/2 levels left

rFire    . . .     SeeInvis .   a - +0 hand axe
rCold    . . .     Faith    .   (no shield)
rNeg     . . .     Spirit   .   b - +0 chain mail
rPois    .         Reflect  .   (no helmet)
rElec    .         Harm     .   (no cloak)
rCorr    .         Rampage  .   (no gloves)
Will     .....                  (no boots)
Stlth    ..........             (no amulet)
HPRegen  0.11/turn              (no ring)
MPRegen  0.08/turn              (no ring)

@: attractive
A: no striking features
a: no special abilities


You were on level 2 of the Dungeon.
You visited 1 branch of the dungeon, and saw 2 of its levels.

You collected 13 gold pieces.

Inventory:

Hand Weapons
 a - a +0 hand axe (weapon)
Armour
 b - a +0 chain mail (worn)
   (You found it on level 1 of the Dungeon)
Jewellery
 d - an uncursed amulet of magic regeneration {unknown}
   (You found it on level 1 of the Dungeon)
 g - an uncursed ring of stealth {unknown}
   (You found it on level 1 of the Dungeon)
Scrolls
 c - a scroll of enchant armour {unknown}
 i - a scroll of enchant weapon {unknown}
 j - a scroll of teleportation {unknown}
 k - a scroll of remove curse {unknown}
 l - a scroll of blinking {unknown}
 m - a scroll of magic mapping {unknown}
Potions
 e - a potion of berserk rage {unknown}
 f - a potion of haste {@q3}


   Skills:
 + Level 4.1 Fighting
 * Level 5.1 Axes
 + Level 1.4 Armour
 - Level 2.4 Dodging
 - Level 1.5 Stealth


You had 2 spell levels left.
You didn't know any spells.
Your spell library was empty.

Dungeon Overview and Level Annotations

Branches:
Dungeon (2/15)

Altars:

Annotations:
D:2 Natasha


Message History

The leopard gecko bites you but does no damage. x2
You hit the leopard gecko but do no damage.
The leopard gecko bites you but does no damage.
You closely miss the leopard gecko.
The leopard gecko bites you but does no damage.
You hit the leopard gecko. The leopard gecko bites you.
You miss the leopard gecko. The leopard gecko barely misses you.
The leopard gecko bites you.
A leopard gecko is nearby!
A leopard gecko is nearby!
You hit the leopard gecko.
You kill the leopard gecko!
No target in view!
A quokka comes into view.
A quokka is nearby!
The quokka barely misses you.
You hit the quokka but do no damage.
The quokka bites you but does no damage.
You barely miss the quokka. The quokka closely misses you.
The quokka bites you but does no damage.
You closely miss the quokka.
The quokka twitches its whiskers.
The quokka bites you.
You hit the quokka.
The quokka bites you but does no damage.
You hit the quokka.
You kill the quokka!
No target in view!
No target in view!
No target in view!
Okay, then.
m - a scroll labelled WOROHO ARURUX Natasha, Servant of Life and Death comes into view.
Natasha hisses angrily.
Found 9 gold pieces.
Natasha mumbles some strange words.
Natasha claws you. The shadow imp gestures at you.
Pain shoots through your body!
Your chain mail prevents you from hitting Natasha.
Natasha claws you!
* * * LOW HITPOINT WARNING * * *
Okay, then.
You slash Natasha! You hit the shadow imp. Natasha claws you!
* * * LOW HITPOINT WARNING * * *
The shadow imp hits you but does no damage.
It was a potion of attraction.
You feel attractive to monsters. Natasha claws you.
You die...

### ##.## ##...#
############.....
######................
#...............†...>.
#.###..###.#####.#....
#5.# #.# #.#.... #@h#
#.# #.###.. #....#.#
#.# #.. #.##.#.# #.#
##. #.# .#.# #.# #.
#.# # #.. .. .$. #.#
### #.# #..


You could see Natasha and a shadow imp (summoned).

Vanquished Creatures
  2 adders (D:2)
  A dart slug (D:1)
  A leopard gecko (D:2)
  3 giant cockroaches
  3 goblins
  2 hobgoblins
  A kobold (D:2)
  2 quokkas (D:2)
  A ball python (D:2)
  2 bats
  2 frilled lizards
  4 rats
24 creatures vanquished.

Notes
Turn   | Place    | Note
-------+----------+-------------------------------------------
     0 | D:1      | sahdkjhfkaj the Hill Orc Monk began the quest for the Orb.
     0 | D:1      | Reached XP level 1. HP: 19/19 MP: 1/1
   426 | D:1      | Reached XP level 2. HP: 27/27 MP: 2/2
   801 | D:2      | Reached skill level 1 in Armour
   801 | D:2      | Reached XP level 3. HP: 30/33 MP: 3/3
   864 | D:2      | Reached skill level 5 in Axes
  1040 | D:2      | Noticed Natasha
  1046 | D:2      | Slain by Natasha

Illustrated notes

Levels and vault maps discovered:
D:1:      mrwooster_arrival_statue_3, layout_loops_cross, minivault_14
D:2:      layout_loops_ring, chequers_temple_overflow_minitemple, uniq_sigmund,
          uniq_natasha, uniq_crazy_yiuf_cottage

Skill      XL: |  1  2  3 |
---------------+----------+-----
Fighting       | 4 |  4.1
Armour         | 1 |  1.4
Axes           | 5 |  5.1
Dodging        | |  2.4
Stealth        | |  1.5

Action                   || total
-------------------------++-------
Melee: Hand axe          ||   110
  Use: Potion            ||     2
Armor: Chain mail        ||    60
       Robe              ||     3
Dodge: Dodged            ||    38

Table legend: (Time is in decaauts)
 A = Elapsed time spent in this place.
 B = Non-inter-level travel time spent in this place.
 C = Inter-level travel time spent in this place.
 D = Time resting spent in this place.
 E = Time spent auto-exploring this place.
 F = Levels seen in this place.
 G = Mean time per level.
                   A        B        C        D        E       F      G
               +--------+--------+--------+--------+--------+-----+--------+
         Total |   1037 |   1018 |     19 |    247 |    556 |   2 |  518.5 |
       Dungeon |   1037 |   1018 |     19 |    247 |    556 |   2 |  518.5 |
               +--------+--------+--------+--------+--------+-----+--------+

Top non-repeatable levels by time:
     D:1: 793 daAuts
     D:2: 243 daAuts
